 Dungeon Crawl Stone Soup version 0.22-a0-423-g4197694 (webtiles) character file.

154 Veiltonx the Grave Robber (level 5, 0/38 HPs)
             Began as a Demonspawn Necromancer on May 23, 2018.
             Slain by Curus's ghost (6 damage)
             ... on level 3 of the Dungeon.
             The game lasted 00:13:37 (3915 turns).

Veiltonx the Grave Robber (Demonspawn Necromancer)  Turns: 3915, Time: 00:13:38

Health: 0/38       AC:  3    Str: 13    XL:     5   Next: 13%
Magic:  8/9        EV: 12    Int: 20    God:
Gold:   138        SH:  0    Dex: 13    Spells: 4/10 levels left

rFire    . . .     SeeInvis .   s - -1 short sword (curse)
rCold    . . .     Gourm    .   (no shield)
rNeg     . . .     Faith    .   a - +0 robe
rPois    .         Spirit   .   n - +0 helmet
rElec    .         Reflect  .   (no cloak)
rCorr    .         Harm     .   (no gloves)
MR       .....                  (no boots)
Stlth    ++........             (no amulet)
HPRegen  0.12/turn              b - +2 ring of intelligence
MPRegen  0.11/turn              (no ring)

@: mighty, very slightly contaminated
A: talons 1, powered by pain 2
a: no special abilities


You were on level 3 of the Dungeon.
You were hungry.

You visited 1 branch of the dungeon, and saw 4 of its levels.

You collected 138 gold pieces.

Inventory:

Hand Weapons
 h - a +0 dagger
 s - a cursed -1 short sword (weapon)
 y - a +0 dagger of electrocution
Armour
 a - a +0 robe (worn)
 n - a +0 helmet (worn)
Jewellery
 b - a +2 ring of intelligence (left hand)
 w - an uncursed amulet of guardian spirit
Scrolls
 d - a scroll of amnesia {unknown}
 e - a scroll of random uselessness {unknown}
 f - a scroll of noise {unknown}
 g - 4 scrolls of identify {unknown}
 j - 2 scrolls of teleportation {unknown}
 l - 3 scrolls of enchant weapon {unknown}
 o - a scroll of fear {unknown}
 q - a scroll of remove curse {unknown}
 t - a scroll of enchant armour {unknown}
Potions
 r - a potion of heal wounds {unknown}
 u - a potion of haste {unknown}
 v - a potion of mutation {unknown}
 z - a potion of flight {unknown}
Comestibles
 c - 2 rations
 x - 5 chunks of flesh


   Skills:
 - Level 2.0 Fighting
 + Level 0.8 Short Blades
 + Level 1.1 Armour
 - Level 2.0 Dodging
 - Level 2.0 Stealth
 + Level 3.2 Spellcasting
 - Level 5.0 Necromancy


You had 4 spell levels left.
You knew the following spells:

 Your Spells              Type           Power        Failure   Level  Hunger
a - Pain                  Necr           ###.         1%          1    None
b - Animate Skeleton      Necr           N/A          1%          1    None
c - Animate Dead          Necr           N/A          17%         4    ####...

Your spell library contained the following spells:

 Spells                   Type           Power        Failure   Level  Hunger
 Vampiric Draining        Necr           ###.......   5%          3    ###....
 Regeneration             Chrm/Necr      ##........   14%         3    ###....


Dungeon Overview and Level Annotations

Branches:
Dungeon (4/15)
 Temple: D:4-7

Altars:

Annotations:
D:3 Curus's ghost, amateur MfTm


Innate Abilities, Weirdness & Mutations

You have sharp toenails.
You sometimes gain power by taking damage.


Message History

You hit Curus's ghost. You claw Curus's ghost.
Curus's ghost is heavily damaged.
Curus's ghost closely misses you.
Your jackal skeleton misses Curus's ghost.
You hit Curus's ghost. Your kick misses Curus's ghost.
Curus's ghost is severely damaged.
Your jackal skeleton bites Curus's ghost but does no damage.
Curus's ghost hits you but does no damage.
You closely miss Curus's ghost. Your kick misses Curus's ghost.
Curus's ghost is severely damaged.
Your jackal skeleton barely misses Curus's ghost.
Curus's ghost hits you!
* * * LOW HITPOINT WARNING * * *
You focus on the pain.
You feel very mighty all of a sudden.
Your jackal skeleton barely misses Curus's ghost.
You completely miss Curus's ghost. You claw Curus's ghost!
Curus's ghost is almost destroyed.
Curus's ghost hits you.
You die...

.... #.##...##..# ....
#.#..#(.#..# ##### ....
#.#.#)#.#..####...### ...r
#....#........'...+.#
....######.#.#.#.#..####...#.#
#...##.#..#..#(....#...#.#
##...#..##...##..##.#...#.#
#....'...##.##..((# #.....####
#....#.....ZW@..>.# #.######..
#....############.# #.# #..
#....# #.# #.# #.) #....# #.#
#.# #.. #....#.......####.#
#.#### #.. #....#.......##...#
#....# #..
#...รท#.......##.### #....#
#.. #....#.......##.# #....#
#.. #....#.......##.#
#....###..


You could see Curus's ghost and a friendly jackal skeleton.

Vanquished Creatures
  Terence (D:2)
  6 adders
  An ooze (D:1)
  3 worms
  A dart slug (D:1)
  4 leopard geckos
  An orc (D:3)
  6 bats
  5 giant cockroaches
  6 hobgoblins
  3 jackals (D:3)
  A ball python (D:1)
  2 frilled lizards
  9 goblins
  2 kobolds
  7 rats
58 creatures vanquished.

Vanquished Creatures (collateral kills)
  A jackal (D:3)
1 creature vanquished.

Grand Total: 59 creatures vanquished

Notes
Turn   | Place    | Note
-------+----------+-------------------------------------------
     0 | D:1      | Veiltonx the Demonspawn Necromancer began the quest for the Orb.
     0 | D:1      | Reached XP level 1. HP: 13/13 MP: 3/3
     2 | D:1      | Learned a level 1 spell: Animate Skeleton
   452 | D:1      | Gained mutation: You sometimes gain a little power by taking damage. [demonic ancestry]
   452 | D:1      | Reached XP level 2. HP: 17/19 MP: 5/5
  1736 | D:1      | Gained mutation: You sometimes gain power by taking damage. [demonic ancestry]
  1736 | D:1      | Reached XP level 3. HP: 25/25 MP: 6/6
  1939 | D:2      | Reached skill level 1 in Fighting
  2268 | D:2      | Noticed Terence
  2445 | D:2      | Killed Terence
  2445 | D:2      | Reached skill level 5 in Necromancy
  2445 | D:2      | Reached XP level 4. HP: 9/33 MP: 0/8
  3253 | D:3      | Learned a level 4 spell: Animate Dead
  3668 | D:3      | Reached skill level 1 in Armour
  3668 | D:3      | Gained mutation: You have sharp toenails. [demonic ancestry]
  3668 | D:3      | Reached XP level 5. HP: 35/38 MP: 6/9
  3779 | D:3      | Noticed Curus's ghost (amateur MfTm)
  3850 | D:4      | Noticed a phantom
  3857 | D:3      | HP: 1/38 [jackal (3)]
  3915 | D:3      | Slain by Curus's ghost

Vault maps used:
D:1:      lemuel_arrival_muddy
D:2:      minmay_crystal_water, uniq_terence
D:3:      minmay_box_of_dots
D:4:      first_ration, uniq_grinder, uniq_natasha, uniq_blork_the_orc,
          uniq_sigmund

Skill      XL: |  1  2  3  4 |
---------------+-------------+-----
Stealth        | 2 |  2.0
Dodging        | 2 |  2.0
Fighting       | 1 2 |  2.0
Necromancy     | 5 |  5.0
Spellcasting   | 3 |  3.2
Armour         | 1 |  1.1
Short Blades   | |  0.8

Action                   |  1- 3 |  4- 6 || total
-------------------------+-------+-------++-------
Melee: Dagger            |    97 |       ||    97
       Unarmed           |    14 |       ||    14
       Short sword       |       |   124 ||   124
       Kick              |       |     8 ||     8
 Cast: Pain              |    41 |    45 ||    86
       Animate Skeleton  |       |     3 ||     3
       Animate Dead      |       |     1 ||     1
  Use: Potion            |       |     4 ||     4
 Stab: Sleeping          |     4 |     1 ||     5
       Invisible         |       |     2 ||     2
  Eat: Chunk             |     5 |     4 ||     9
Armor: Robe              |    38 |    52 ||    90
       Skin              |       |    12 ||    12
Dodge: Dodged            |    89 |   100 ||   189

Table legend:
 A = Spawn XP
 B = Non-spawn XP
 C = Spawn XP percentage of total XP
 D = Spawn monster count
 E = Non-spawn monster count
 F = Spawn count percentage of total count
 G = Total turns spent on level
                    A         B        C        D         E        F      G
               +---------+---------+-------+---------+---------+-------+---------
         Total |       0 |     220 |   0.0 |       0 |      59 |   0.0 |  3915
               +---------+---------+-------+---------+---------+-------+---------
           D:1 |       0 |      43 |   0.0 |       0 |      22 |   0.0 |  1877
           D:2 |       0 |      94 |   0.0 |       0 |      13 |   0.0 |  1204
           D:3 |       0 |      83 |   0.0 |       0 |      24 |   0.0 |   832
               +---------+---------+-------+---------+---------+-------+---------
